 Dungeon Crawl Stone Soup version 0.29.1-13-g9f3cf754e1 (webtiles) character file.

Game seed: 16512701401377795172

2001 HospitalGownGirl the Sneak (level 9, -2/68 HPs)
             Began as a Human Brigand on Feb 6, 2023.
             Was a Believer of Ashenzari.
             Slain by a killer bee (5 damage)
             ... on level 7 of the Dungeon.
             The game lasted 00:36:35 (7889 turns).

HospitalGownGirl the Sneak (Human Brigand)          Turns: 7889, Time: 00:36:35

Health: -2/68      AC:  8    Str: 13    XL:     9   Next: 45%
Magic:  12/15      EV: 13    Int: 17    God:    Ashenzari [**....]
Gold:   480        SH:  0    Dex: 16    Spells: 2/16 levels left

rFire   + . .      SeeInvis +   h - +5 dagger "Share My Adversity" {freeze, Int+4 SInv, Elem, Comp} (curse)
rCold   x . .      Faith    .   (no shield)
rNeg    . . .      Spirit   .   b - +1 robe
rPois   .          Reflect  .   (helmet restricted)
rElec   .          Harm     .   c - +0 cloak of Ashenzari's Black Moon {Fort, Melee} (curse)
rCorr   .          Rampage  .   (no gloves)
Will    .....      Clarity  +   (no boots)
Stlth   ++++......              (no amulet)
HPRegen 0.21/turn               i - ring of Desmomancy {Fire, Self, Evo} (curse)
MPRegen 0.14/turn               n - ring "Gaze Upon Infinity" {AC+4, Self, Elem} (curse)

@: mighty, lethally poisoned (-2 -> -10)
A: horns 1, clarity, sense surroundings 1
a: Renounce Religion, Shatter the Chains


You were on level 7 of the Dungeon.
You worshipped Ashenzari.
Ashenzari was pleased with you.
You visited 1 branch of the dungeon, and saw 7 of its levels.
You also visited: Sewer and Ossuary.

You collected 480 gold pieces.

Inventory:

Hand Weapons
 g - a +4 dagger
 h - the cursed +5 dagger "Share My Adversity" (weapon) {freeze, Int+4 SInv, Elem, Comp}
   (You found it on level 2 of the Dungeon)

   It freezes those it strikes, dealing additional cold damage.
   It can also slow down cold-blooded creatures.
   Int:       It affects your intelligence (+4).
   SInv:      It lets you see invisible.
   It has a curse which improves the following skills: Elements: Fire Magic, Ice
   Magic, Air Magic and Earth Magic.
   Companions: Summonings and Necromancy.
Missiles
 d - 22 poisoned darts (quivered)
Armour
 b - a +1 robe (worn)
 c - the cursed +0 cloak of Ashenzari's Black Moon (worn) {Fort, Melee}

   It has a curse which improves the following skills: Fortitude: Armour and
   Shields.
   Melee Combat: Short Blades, Long Blades, Axes, Maces & Flails, Polearms,
   Staves and Unarmed Combat.
 x - +0 steam dragon scales
Jewellery
 i - the cursed ring of Desmomancy (left hand) {Fire, Self, Evo}
   (You found it on level 4 of the Dungeon)

   [ring of fire]

   It enhances your fire magic.
   rF:        It protects you from fire.
   rC:        It makes you vulnerable to cold.
   It has a curse which improves the following skills: Introspection: Fighting
   and Spellcasting.
   Evocations: Evocations.
 n - the cursed ring "Gaze Upon Infinity" (right hand) {AC+4, Self, Elem}
   (You found it on level 2 of the Dungeon)

   [ring of protection]

   AC:        It affects your AC (+4).
   It has a curse which improves the following skills: Introspection: Fighting
   and Spellcasting.
   Elements:  Fire Magic, Ice Magic, Air Magic and Earth Magic.
 o - a +6 ring of dexterity
 u - a ring of fire
Scrolls
 l - 2 scrolls of teleportation
 m - a scroll of enchant armour
 w - 2 scrolls of vulnerability
 y - 3 scrolls of amnesia
 z - a scroll of poison
Potions
 a - 5 potions of magic
 j - a potion of brilliance
 k - a potion of attraction
 p - a potion of berserk rage
 q - a potion of mutation
 r - 2 potions of flight
 s - 3 potions of might
 t - 2 potions of ambrosia
 A - a potion of lignification


   Skills:
 * Level 3.3(5.0) Fighting
 * Level 4.4(5.6) Short Blades
 * Level 3.8 Throwing
 * Level 2.7(3.8) Armour
 * Level 3.3 Dodging
 * Level 7.1 Stealth
 * Level 2.8(4.4) Spellcasting
 * Level 0.1 Conjurations
 * Level 2.5 Hexes
 * Level 2.3 Transmutations
 * Level 2.5(4.1) Fire Magic
 * Level 2.6(4.2) Ice Magic
 * Level 2.3(3.9) Earth Magic
 * Level 0.1(0.3) Evocations


You had 2 spell levels left.
You knew the following spells:

 Your Spells              Type           Power      Damage    Failure   Level
a - Ensorcelled Hibernat  Hex/Ice        30%        N/A       5%          2
b - Inner Flame           Hex/Fire       22%        N/A       12%         3
c - Passwall              Tmut/Erth      11%        N/A       6%          2
d - Cause Fear            Hex            6%         N/A       45%         4
e - Stone Arrow           Conj/Erth      20%        3d8       21%         3

Your spell library contained the following spells:

 Spells                   Type           Power      Damage    Failure   Level
 Swiftness                Air            4%         N/A       38%         3
 Mephitic Cloud           Conj/Pois/Air  4%         N/A       41%         3
 Airstrike                Air            2%         2d(1-17)  80%         4
 Discord                  Hex            6%         N/A       100%        8


Dungeon Overview and Level Annotations

Branches:
Dungeon (7/15)             Temple (0/1) D:6           Sewer (visited)
Ossuary (visited)

Altars:
Ashenzari


Innate Abilities, Weirdness & Mutations

You have a pair of small horns on your head.
You possess an exceptional clarity of mind.
You passively map a small area around you.


Message History

The ufetubus is burned terribly!
You kill the ufetubus!
You hear an angry buzzing noise.
Something shouts, "Despair, thou warped earth-vexing slabber!"
You feel sick.
You feel sick.
A killer bee comes into view.
The killer bee moves out of view.
You feel sick.
You feel sick.
You feel sick.
You are no longer poisoned.
A white imp comes into view.
A hound comes into view.
You feel very mighty all of a sudden.
Throw: 23 darts (poison)
Press: ? - help, Q - select action, (/) - cycle Shift-Dir - straight line, f - killer bee
Aim: a killer bee (36% to hit)
You throw a poisoned dart.
The poisoned dart misses the killer bee.
The hound barks!
You hear a shout!
The killer bee stings you but does no damage.
You closely miss the killer bee.
The killer bee stings you but does no damage.
You miss the killer bee. The killer bee stings you!
* * * LOW HITPOINT WARNING * * *
The killer bee misses you.
You miss the killer bee. You punch the killer bee!
The killer bee is severely wounded.
The killer bee stings you.
* * * LOW HITPOINT WARNING * * *
You are lethally poisoned!
The killer bee poisons you!
Okay, then.
You miss the killer bee.
The killer bee is severely wounded.
* * * LOW HITPOINT WARNING * * *
You feel sick. The killer bee stings you.
You die...

, *
................ ,,
, ....).(.........
, , ,
.....).............
, *
..(...)...........
...5.(...##......**
......○)h.## ...# ,
, .....###°..## ..#
,
....####..y)##..##
..........@......##
, ,
........####......#
).....##*
#...#....., , ,
....#* *#..## ....
...#* ..## ... , *
... , ..# ,.[ ,..
,..# * . * * ,, *
##. * * ,, ## * , ,


You could see a hound and a killer bee.

Vanquished Creatures
  Sigmund (D:4)
  A steam dragon (D:6)
  An ogre (D:5)
  A phantom (D:5)
  A centaur (D:6)
  A bullfrog (D:5)
  Blork the orc (D:6)
  4 kobold brigands
  5 necrophages
  A scorpion (D:4)
  3 hounds
  A human zombie (Ossuary)
  4 iguanas
  A hound zombie (Ossuary)
  4 mummies (Ossuary)
  Robin (D:4)
  11 adders
  13 river rats
  A shadow imp (D:6)
  2 white imps
  2 ufetubi
  A worm (Sewer)
  5 dart slugs
  9 ball pythons
  12 endoplasms
  3 giant cockroaches (D:3)
  23 goblins
  7 hobgoblins
  17 kobolds
  10 quokkas
  6 bats
  2 frilled lizards (D:1)
  3 goblin zombies (Ossuary)
  3 hobgoblin zombies
  A jackal zombie (Ossuary)
  4 kobold zombies
  3 orc zombies
  28 rats
197 creatures vanquished.

Vanquished Creatures (others)
  A plant (D:2)
1 creature vanquished.

Grand Total: 198 creatures vanquished

Notes
Turn   | Place    | Note
-------+----------+-------------------------------------------
     0 | D:1      | HospitalGownGirl the Human Brigand began the quest for the
                  | Orb.
     0 | D:1      | Reached XP level 1. HP: 16/16 MP: 1/1
   241 | D:1      | Reached XP level 2. HP: 22/22 MP: 2/2
   769 | D:2      | Identified the +5 dagger "Hoigezxotosm" {freeze, Int+4
                  | SInv}
   881 | D:2      | You fall into a shaft and drop 2 floors!
   900 | D:4      | Noticed Sigmund
   903 | D:4      | Killed Sigmund
   904 | D:4      | Reached skill level 1 in Armour
   904 | D:4      | Reached skill level 5 in Stealth
   904 | D:4      | Reached skill level 1 in Spellcasting
   904 | D:4      | Reached XP level 3. HP: 28/28 MP: 2/4
   904 | D:4      | Reached XP level 4. HP: 34/34 MP: 2/5
   904 | D:4      | Reached XP level 5. HP: 39/39 MP: 2/6
   926 | D:4      | Learned a level 2 spell: Ensorcelled Hibernation
   930 | D:4      | Learned a level 3 spell: Inner Flame
   980 | D:4      | Reached XP level 6. HP: 24/46 MP: 7/7
  1536 | D:3      | Found a glowing drain.
  1550 | Sewer    | Entered a sewer
  1606 | Sewer    | Learned a level 2 spell: Passwall
  1816 | Sewer    | Reached skill level 6 in Stealth
  1993 | Sewer    | Reached XP level 7. HP: 50/51 MP: 0/9
  2081 | Sewer    | Reached skill level 1 in Ice Magic
  2427 | Sewer    | Reached skill level 1 in Hexes
  2427 | Sewer    | Reached skill level 1 in Fire Magic
  3169 | D:4      | Reached skill level 1 in Transmutations
  3231 | D:4      | Found a broken altar of Ashenzari.
  3249 | D:4      | Became a worshipper of Ashenzari the Shackled
  3682 | D:4      | Noticed Robin
  3695 | D:4      | Gained mutation: Your spells are a little easier to cast,
                  | but a little less powerful. [potion of mutation]
  3710 | D:4      | Killed Robin
  4127 | D:4      | Lost mutation: Your spells are a little easier to cast, but
                  | a little less powerful. [potion of mutation]
  4127 | D:4      | Gained mutation: You passively map a small area around you.
                  | [potion of mutation]
  4127 | D:4      | Gained mutation: You have a pair of small horns on your
                  | head. [potion of mutation]
  4127 | D:4      | Gained mutation: You possess an exceptional clarity of
                  | mind. [potion of mutation]
  5659 | D:5      | Entered Level 5 of the Dungeon
  5663 | D:5      | Reached XP level 8. HP: 57/58 MP: 11/11
  5692 | D:5      | Reached skill level 1 in Earth Magic
  5893 | D:5      | Found a sand-covered staircase.
  5899 | Ossuary  | Entered an ossuary
  5948 | Ossuary  | Learned a level 4 spell: Cause Fear
  6285 | Ossuary  | Reached * piety under Ashenzari
  6784 | D:6      | Found a staircase to the Ecumenical Temple.
  6818 | D:6      | Reached ** piety under Ashenzari
  7079 | D:6      | Reached XP level 9. HP: 58/65 MP: 14/14
  7103 | D:6      | Reached skill level 7 in Stealth
  7690 | D:6      | Noticed Blork the orc
  7692 | D:6      | Killed Blork the orc
  7740 | D:7      | Identified the Papyrus of Feathers and Earth
  7757 | D:7      | Learned a level 3 spell: Stone Arrow
  7889 | D:7      | HP: 3/68 [poisoned by a killer bee]
  7889 | D:7      | Slain by a killer bee

Illustrated notes

Levels and vault maps discovered:
D:1:      mainiacjoe_arrival_reflecting_pool, layout_basic,
          minmay_misc_feat_square
D:2:      layout_basic, chequers_big_river
D:3:      layout_loops_ring, portal_sewer_entry_f
D:4:      layout_loops_corners, lemuel_doored_altar, uniq_robin, uniq_sigmund
D:5:      layout_rooms, nicolae_ossuary_entry_false_entrances,
          minmay_mini_ossuary
D:6:      lemuel_ratsnest, layout_gridville, minmay_temple_entry_junction_2,
          uniq_blork_the_orc
D:7:      layout_layer_cave, minmay_misc_feat_diagonals, minmay_bent

Skill      XL: |  1  2  3  4  5  6  7  8  9 |
---------------+----------------------------+-----
Armour         | 1 2 |  2.7
Stealth        | 5 6 7 |  7.1
Spellcasting   | 1 2 |  2.8
Short Blades   | 3 4 |  4.4
Dodging        | 2 3 |  3.3
Ice Magic      | 1 2 |  2.6
Hexes          | 1 2 |  2.5
Fire Magic     | 1 2 |  2.5
Transmutations | 1 2 |  2.3
Throwing       | 3 |  3.8
Earth Magic    | 1 2 |  2.3
Fighting       | 3 |  3.3
Conjurations   | |  0.1
Evocations     | |  0.1

Action                   |  1- 3 |  4- 6 |  7- 9 || total
-------------------------+-------+-------+-------++-------
Melee: Dagger            |    18 |    84 |   334 ||   436
       Headbutt          |       |       |    39 ||    39
       Punch             |       |       |     5 ||     5
Throw: Dart              |     4 |       |    25 ||    29
 Cast: Ensorcelled Hiber |       |    16 |    64 ||    80
       Passwall          |       |       |     2 ||     2
Invok: Curse Item        |       |       |     4 ||     4
  Use: Scroll            |     2 |     1 |    14 ||    17
       Potion            |       |       |     8 ||     8
 Stab: Sleeping          |     5 |    17 |    58 ||    80
Armor: Robe              |     4 |    15 |   136 ||   155
       Skin              |       |       |    20 ||    20
Dodge: Dodged            |    10 |    37 |   221 ||   268
